 Dungeon Crawl Stone Soup version 0.30-a0-696-g2367cd04db (webtiles) character file.

Game seed: 2426881320513715979

840 wormed the Caller (level 7, -1/46 HPs)
             Began as a Demonspawn Summoner on Jan 20, 2023.
             Slain by a black bear (5 damage)
             ... on level 4 of the Dungeon.
             The game lasted 00:12:54 (5594 turns).

wormed the Caller (Demonspawn Summoner)             Turns: 5594, Time: 00:12:55

Health: -1/46      AC:  8    Str:  8    XL:     7   Next: 67%
Magic:  6/14       EV: 11    Int: 19    God:
Gold:   240        SH:  0    Dex: 13    Spells: 4/15 levels left

rFire   . . .      SeeInvis .    a - +0 dagger (protect)
rCold   . . .      Faith    .    (no shield)
rNeg    + . .      Spirit   .    p - +0 leather armour
rPois   .          Reflect  .    (no helmet)
rElec   .          Harm     .    (no cloak)
rCorr   .          Rampage  .    o - +1 pair of gloves
Will    .....                    (no boots)
Stlth   ++                       (no amulet)
HPRegen 0.27/turn                b - ring of positive energy
MPRegen 0.14/turn                (no ring)

@: no status effects
A: thin metallic scales 2, powered by pain 1
a: no special abilities


You were on level 4 of the Dungeon.
You visited 1 branch of the dungeon, and saw 4 of its levels.

You collected 240 gold pieces.

Inventory:

Hand Weapons
 a - a +0 dagger of protection (weapon)
Missiles
 l - a throwing net (quivered)
Armour
 o - a +1 pair of gloves (worn)
 p - a +0 leather armour (worn)
Jewellery
 b - a ring of positive energy (left hand)
Scrolls
 d - a scroll of teleportation
 f - a scroll of identify
Potions
 c - 2 potions of might
 e - 2 potions of invisibility {unknown}
 g - a potion of degeneration {unknown}
 h - a potion of mutation {unknown}
 i - a potion of cancellation {unknown}
 j - 2 potions of attraction {unknown}
 k - 3 potions of brilliance {unknown}
 n - a potion of heal wounds {unknown}


   Skills:
 - Level 1.7 Dodging
 - Level 1.7 Stealth
 + Level 4.9 Spellcasting
 - Level 4.0 Hexes
 + Level 6.3 Summonings
 + Level 2.4 Air Magic


You had 4 spell levels left.
You knew the following spells:

 Your Spells              Type           Power      Damage    Failure   Level
a - Summon Small Mammal   Summ           100%       N/A       1%          1
b - Call Canine Familiar  Summ           28%        N/A       4%          3
c - Summon Guardian Gole  Hex/Summ       24%        N/A       7%          3
d - Summon Lightning Spi  Summ/Air       21%        N/A       30%         4

Your spell library contained the following spells:

 Spells                   Type           Power      Damage    Failure   Level
 Call Imp                 Summ           28%        N/A       1%          2
 Dazzling Flash           Conj/Hex       24%        N/A       24%         3
 Ozocubu's Armour         Ice            4%         N/A       50%         3
 Silence                  Hex/Air        8%         N/A       80%         5
 Agony                    Necr           4%         N/A       99%         5
 Ozocubu's Refrigeration  Ice            2%         4d7       100%        7


Dungeon Overview and Level Annotations

Branches:
Dungeon (4/15)
 Temple: D:4-7

Altars:
Cheibriados

Annotations:
D:4 Natasha


Innate Abilities, Weirdness & Mutations

You are mostly covered in thin metallic scales. (AC +3)
You sometimes gain a little power by taking damage.


Message History

You hit the black bear.
The black bear is almost dead.
Your hound closely misses Natasha.
The black bear bites you.
* * * LOW HITPOINT WARNING * * *
The black bear claws you but does no damage. x2
Natasha barely misses you.
The black bear attacks as you move away!
The black bear barely misses you.
The black bear claws you but does no damage. x2
Natasha mumbles some strange words.
Natasha glows brightly for a moment.
Natasha barely misses your hound. The black bear barely misses you.
The black bear claws you but does no damage.
The black bear closely misses you.
You barely miss the black bear.
The black bear is almost dead.
Your hound closely misses the black bear.
The black bear bites you but does no damage.
The black bear claws you but does no damage. x2
Natasha completely misses your hound.
You closely miss the black bear.
The black bear is almost dead.
Your hound bites the black bear but does no damage.
The black bear bites you but does no damage.
The black bear claws you but does no damage. x2
Your hound closely misses the black bear.
The black bear bites you but does no damage.
The black bear claws you.
* * * LOW HITPOINT WARNING * * *
The black bear claws you but does no damage.
Natasha claws your hound!
Throw: 2 throwing nets
Press: ? - help, Q - select action, (/) - cycle Shift-Dir - straight line, f - black bear
Aim: a black bear (almost dead, berserk, ally target, 64% to hit)
You throw a throwing net.
The throwing net barely misses the black bear.
Your hound barely misses Natasha.
The black bear bites you.
* * * LOW HITPOINT WARNING * * *
The black bear claws you.
You die...

###.# #...#
#.### #.#
#.# #.# #.#
#.# #@# #h#
#..hh9#
...........
.###.##..#.#
#. #..#.# #
#.°# # #g>#
#..#


You could see a black bear (berserk, ally target), Natasha (ally target), a
goblin, a friendly guardian golem (summoned) and a friendly hound (summoned,
sheltered).

Vanquished Creatures
  A nameless horror (D:3)
  A hound (D:3)
  4 gnolls (D:3)
  2 orcs (D:3)
  An endoplasm (D:3)
  A goblin (D:4)
  6 jackals
  A kobold (D:2)
  A quokka (D:1)
18 creatures vanquished.

Vanquished Creatures (collateral kills)
  Sigmund (D:3)
  A kobold brigand (D:3)
  A hound (D:3)
  An orc wizard (D:3)
  17 gnolls
  2 adders
  2 worms (D:3)
  3 dart slugs
  18 orcs (D:3)
  A ball python (D:2)
  7 endoplasms
  2 giant cockroaches
  5 goblins (D:1)
  10 hobgoblins
  8 jackals
  5 kobolds
  3 quokkas
  3 bats
  3 frilled lizards (D:1)
  2 rats
95 creatures vanquished.

Vanquished Creatures (others)
  2 hounds (D:3)
  9 gnolls (D:3)
  6 orcs (D:3)
  4 plants (D:3)
21 creatures vanquished.

Grand Total: 134 creatures vanquished

Notes
Turn   | Place    | Note
-------+----------+-------------------------------------------
     0 | D:1      | wormed the Demonspawn Summoner began the quest for the Orb.
     0 | D:1      | Reached XP level 1. HP: 13/13 MP: 3/3
   260 | D:1      | Gained mutation: You are partially covered in thin metallic
                  | scales. (AC +2) [demonic ancestry]
   260 | D:1      | Reached XP level 2. HP: 16/19 MP: 1/5
   359 | D:1      | Reached skill level 1 in Hexes
   826 | D:1      | Gained mutation: You are mostly covered in thin metallic
                  | scales. (AC +3) [demonic ancestry]
   826 | D:1      | Reached XP level 3. HP: 24/24 MP: 2/6
   830 | D:1      | Learned a level 3 spell: Call Canine Familiar
  1660 | D:2      | Reached XP level 4. HP: 30/30 MP: 1/8
  1664 | D:2      | Learned a level 3 spell: Summon Guardian Golem
  2179 | D:2      | Reached XP level 5. HP: 35/35 MP: 5/9
  2875 | D:3      | Noticed Sigmund
  2886 | D:3      | Killed Sigmund
  2887 | D:3      | Reached skill level 5 in Summonings
  2887 | D:3      | Gained mutation: You sometimes gain a little power by
                  | taking damage. [demonic ancestry]
  2887 | D:3      | Reached XP level 6. HP: 41/41 MP: 4/11
  2992 | D:3      | Found a snail-covered altar of Cheibriados.
  3374 | D:3      | Learned a level 4 spell: Summon Lightning Spire
  3565 | D:3      | Noticed a nameless horror
  3622 | D:3      | Killed a nameless horror
  3850 | D:3      | Reached skill level 1 in Air Magic
  3854 | D:3      | Reached XP level 7. HP: 46/46 MP: 9/13
  4491 | D:3      | Reached skill level 6 in Summonings
  5584 | D:4      | Noticed Natasha
  5594 | D:4      | Slain by a black bear

Illustrated notes

Levels and vault maps discovered:
D:1:      dpeg_arrival_morbid_curiosity, layout_basic
D:2:      layout_rooms
D:3:      lemuel_castle_with_subvaults [lemuel_castle_interior_carwin_1],
          layout_basic, cheibrodos_worm_habitat, uniq_sigmund
D:4:      layout_loops_ring, nicolae_ru_great_annihilating_truth, serial_shops,
          shop, uniq_natasha

Skill      XL: |  1  2  3  4  5  6  7 |
---------------+----------------------+-----
Hexes          | 1 2 3 4 |  4.0
Spellcasting   | 3 4 |  4.9
Summonings     | 5 6 |  6.3
Air Magic      | 1 2 |  2.4
Dodging        | |  1.7
Stealth        | |  1.7

Action                   |  1- 3 |  4- 6 |  7- 9 || total
-------------------------+-------+-------+-------++-------
Melee: Unarmed           |    36 |     5 |       ||    41
       Punch             |     1 |     1 |     2 ||     4
       Dagger            |       |    83 |    83 ||   166
Throw: Throwing net      |       |       |     2 ||     2
 Cast: Summon Small Mamm |    50 |     8 |     2 ||    60
       Call Canine Famil |    10 |    23 |    19 ||    52
       Summon Guardian G |       |    10 |    18 ||    28
       Summon Lightning  |       |       |     1 ||     1
  Use: Scroll            |     1 |     7 |     2 ||    10
       Potion            |     1 |     2 |     2 ||     5
 Stab: Distracted        |     1 |       |       ||     1
       Sleeping          |       |     1 |       ||     1
Armor: Robe              |    24 |     2 |       ||    26
       Leather armour    |       |    50 |    77 ||   127
Dodge: Dodged            |    63 |    81 |    83 ||   227

Table legend: (Time is in decaauts)
 A = Elapsed time spent in this place.
 B = Non-inter-level travel time spent in this place.
 C = Inter-level travel time spent in this place.
 D = Time resting spent in this place.
 E = Time spent auto-exploring this place.
 F = Levels seen in this place.
 G = Mean time per level.
                   A        B        C        D        E       F      G
               +--------+--------+--------+--------+--------+-----+--------+
         Total |   5612 |   5452 |    160 |      0 |   3651 |   4 | 1403.0 |
       Dungeon |   5612 |   5452 |    160 |      0 |   3651 |   4 | 1403.0 |
               +--------+--------+--------+--------+--------+-----+--------+

Top non-repeatable levels by time:
     D:3: 2921 daAuts
     D:1: 1398 daAuts
     D:2: 991 daAuts
     D:4: 301 daAuts
